 Dungeon Crawl Stone Soup version 0.31-a0-339-gda1cbd555d (webtiles) character file.

Game seed: 17973907643937897674

40 senseless the Changeling (level 3, -3/27 HPs)
             Began as a Merfolk Shapeshifter on July 20, 2023.
             Slain by a goblin
             ... wielding a +0 club
             ... led by Robin
              (5 damage)
             ... on level 2 of the Dungeon.
             The game lasted 00:02:29 (1027 turns).

senseless the Changeling (Merfolk Shapeshifter)     Turns: 1027, Time: 00:02:32

Health: -3/27      AC:  2    Str: 15    XL:     3   Next: 50%
Magic:  3/3        EV: 13    Int:  7    God:
Gold:   106        SH:  0    Dex: 16    Spells: 2/2 levels left

rFire   . .          .
                       - Unarmed
rCold   + . .        (no shield)
rNeg    . . .        a - +0 animal skin
rPois   .            g - melded +0 hat
rElec   .            (cloak currently unavailable)
rCorr   .            (gloves currently unavailable)
SInv    .            (boots currently unavailable)
Will    .....        (no amulet)
Stlth   +            h - ring of protection from cold
HPRegen 0.24/turn    (no ring)
MPRegen 0.08/turn

%: no passive effects
@: beast-form, hasted, studying Dodging, very quick
A: beast (slay +3), (nimble swimmer 2), mertail
a: Begin Untransformation


You were on level 2 of the Dungeon.
You were a hulking beast.
You visited 1 branch of the dungeon, and saw 2 of its levels.

You collected 106 gold pieces.

Inventory:

Armour
 a - a +0 animal skin (worn)
 g - a +0 hat (melded)
Jewellery
 h - a ring of protection from cold (left hand)
Talismans
 c - a beast talisman
Scrolls
 e - 3 scrolls of identify
 f - a scroll of teleportation
 j - a scroll of enchant weapon {unknown}
 k - a scroll of poison {unknown}
Potions
 b - a potion of lignification
 d - 2 potions of haste
 i - a potion of invisibility


   Skills:
 + Level 1.9 Fighting
 * Level 4.0 Dodging
 + Level 3.7 Unarmed Combat
 + Level 4.3 Shapeshifting


You had 2 spell levels left.
You didn't know any spells.
Your spell library was empty.

Dungeon Overview and Level Annotations

Branches:
Dungeon (2/15)

Altars:

Annotations:
D:2 Robin


Innate Abilities, Weirdness & Mutations

You are a hulking beast.
Your limbs bulge with bestial killing power. (Slay +3)
((You are very nimble when in or above water. (Stealth+, EV+, Speed+++)))
Your lower body shifts to a powerful aquatic tail in water.


Message History

You are too injured to fight recklessly!
You are too injured to fight recklessly!
You are too injured to fight recklessly!
You are too injured to fight recklessly!
You are too injured to fight recklessly!
You are too injured to fight recklessly!
Robin says, "A pitiful Merfolk like you will never find the ORB!"
The hobgoblin attacks as you move away! The hobgoblin barely misses you.
You see here a scroll labelled VEMAVU AQOHUATH.
k - a scroll labelled VEMAVU AQOHUATH The hobgoblin hits you.
The goblin attacks as you move away! The goblin hits you with a +0 club.
* * * LOW HITPOINT WARNING * * *
The goblin no longer looks unusually strong.
The hobgoblin barely misses you.
You hit the hobgoblin.
You kill the hobgoblin!
The goblin hits you but does no damage.
Robin roars a battlecry!
The goblin goes into a battle-frenzy!
Your Dodging skill increases to level 4!
The goblin attacks as you move away! The goblin hits you with a +0 club.
* * * LOW HITPOINT WARNING * * *
A goblin and a hobgoblin come into view.
The hobgoblin shouts!
You hear a shout! x2
The goblin no longer looks unusually strong.
A goblin comes into view. It is wielding a +0 dagger.
A goblin comes into view. It is wielding a +0 dagger.
You feel yourself speed up.
The hobgoblin no longer looks unusually strong.
Robin throws the goblin at you!
* * * LOW HITPOINT WARNING * * *
The goblin hits you but does no damage. The goblin completely misses you.
You closely miss the goblin.
The goblin no longer looks unusually strong.
Robin roars a battlecry!
The goblin goes into a battle-frenzy!
A goblin comes into view. It is wielding a +4 dagger.
The goblin closely misses you. The goblin hits you with a +0 club.
You die...

#.# #.# #..##. #.#
#..... #.# ### #....
#.# #.. ..... # #.# #.#
#.#.#.# #.# #.# #.#.#.#
######.#####.####.#.#.#
.†.............ghg.g..#
########.##...##g##g..#
#.##...##g##.######
#.###.###.##g.....# ###
#.# #.# #g##g####.# ...
..# #.# #g##.# .## ###
#.# #.##.# #.# #g##.#
.# #.#


You could see Robin, 2 hobgoblins and 6 goblins.

Vanquished Creatures
  A worm (D:2)
  8 ball pythons
  6 bats
  An endoplasm (D:2)
  A giant cockroach (D:2)
  3 goblins
  A hobgoblin (D:2)
  3 kobolds
  4 quokkas
  A frilled lizard (D:2)
  4 rats (D:1)
33 creatures vanquished.

Notes
Turn   | Place    | Note
-------+----------+-------------------------------------------
     0 | D:1      | senseless the Merfolk Shapeshifter began the quest for the
                  | Orb.
     0 | D:1      | Reached XP level 1. HP: 15/15 MP: 1/1
   174 | D:1      | Reached XP level 2. HP: 21/21 MP: 2/2
   757 | D:2      | Reached XP level 3. HP: 27/27 MP: 3/3
  1009 | D:2      | Noticed Robin
  1027 | D:2      | Slain by a goblin

Illustrated notes

Levels and vault maps discovered:
D:1:      scummos_arrival_simple_fountains, layout_loops_ring, minmay_ruptured
D:2:      layout_loops_ring, uniq_robin

Skill      XL: |  1  2  3 |
---------------+----------+-----
Dodging        | 3 4 |  4.0
Fighting       | |  1.9
Unarmed Combat | |  3.7
Shapeshifting  | |  4.3

Action                     || total
---------------------------++-------
  Melee: Unarmed           ||    73
         Punch             ||     2
    Use: Scroll            ||     5
         Potion            ||     1
   Stab: Sleeping          ||     5
 Armour: Animal skin       ||    19
  Dodge: Dodged            ||    52
         Form:             ||     1
         Beast             ||     1

Table legend: (Time is in decaauts)
 A = Elapsed time spent in this place.
 B = Non-inter-level travel time spent in this place.
 C = Inter-level travel time spent in this place.
 D = Time resting spent in this place.
 E = Time spent auto-exploring this place.
 F = Levels seen in this place.
 G = Mean time per level.
                   A        B        C        D        E       F      G
               +--------+--------+--------+--------+--------+-----+--------+
         Total |   1021 |    975 |     46 |      2 |    741 |   2 |  510.5 |
       Dungeon |   1021 |    975 |     46 |      2 |    741 |   2 |  510.5 |
               +--------+--------+--------+--------+--------+-----+--------+

Top non-repeatable levels by time:
     D:1: 741 daAuts
     D:2: 280 daAuts
